 Dungeon Crawl Stone Soup version 0.28-a0-122-gfd0ec89410 (webtiles) character file.

Game seed: 188543158048665210

427 Essalna the Magician (level 7, 0/45 HPs)
             Began as a Djinni Venom Mage on July 25, 2021.
             Slain by a bullfrog zombie (4 damage)
             ... on level 5 of the Dungeon on Aug 14, 2021.
             The game lasted 00:10:46 (4905 turns).

Essalna the Magician (Djinni Venom Mage)            Turns: 4905, Time: 00:10:47

Health: 0/45       AC:  3    Str:  7    XL:     7   Next: 18%
Gold:   214        EV: 12    Int: 18    God:
                   SH:  0    Dex: 14

rFire   + + .      SeeInvis .   c - +1 short sword (protect)
rCold   . . .      Faith    .   (no shield)
rNeg    . . .      Spirit   .   n - +1 robe {Will+}
rPois   ∞          Reflect  .   (no helmet)
rElec   .          Harm     .   (no cloak)
rCorr   .          Rampage  .   (no gloves)
Will    +....                   (boots unavailable)
Stlth   ++........              (no amulet)
HPRegen 0.15/turn               e - ring of protection from cold
MPRegen 0.00/turn               (no ring)

@: flying
A: sickness immunity, fire resistance 2, cold vulnerability 1, float, innate
caster, hp casting, extra vitality 1
a: no special abilities


You were on level 5 of the Dungeon.
You visited 1 branch of the dungeon, and saw 5 of its levels.

You collected 214 gold pieces.

Inventory:

Hand Weapons
 c - a +1 short sword of protection (weapon)
Armour
 a - a +0 robe
 n - a +1 robe of willpower (worn)
Jewellery
 e - a ring of protection from cold (left hand)
Scrolls
 b - a scroll of holy word {unknown}
 d - 3 scrolls of identify {unknown}
 f - a scroll of magic mapping {unknown}
 g - 2 scrolls of summoning {unknown}
 h - a scroll of immolation {unknown}
 k - a scroll of amnesia {unknown}
 o - a scroll of fog {unknown}
 p - a scroll of teleportation {unknown}
Potions
 i - a potion of resistance {unknown}
 j - 2 potions of curing {unknown}
 l - 2 potions of attraction {unknown}
 m - a potion of flight {unknown}
 q - a potion of lignification {unknown}
 r - a potion of haste {unknown}
 s - a potion of mutation {unknown}


   Skills:
 - Level 2.1 Dodging
 - Level 1.5 Stealth
 + Level 5.8 Spellcasting


You had one spell level left.
You knew the following spells:

 Your Spells              Type           Power      Damage    Failure   Level
a - Sting                 Tmut/Pois      100%       1d8       1%          1
b - Poisonous Vapours     Pois/Air       52%        N/A       1%          2
c - Mephitic Cloud        Conj/Pois/Air  26%        N/A       3%          3
d - Olgreb's Toxic Radia  Pois           26%        N/A       11%         4
e - Pain                  Necr           100%       1d9       1%          1
f - Corpse Rot            Necr/Air       N/A        N/A       1%          2
g - Stone Arrow           Conj/Erth      52%        3d10      3%          3
Your spell library was empty.

Dungeon Overview and Level Annotations

Branches:
Dungeon (5/15)
 Temple: D:4-7

Altars:
Wu Jian

Shops:
D:3 :

Annotations:
D:5 1 runed translucent door, hemabe71's ghost, novice HuAr


Innate Abilities, Weirdness & Mutations

You are immune to sickness and miasma.
You are immune to poison.
Your flesh is very heat resistant. (rF++)
You are vulnerable to cold. (rC-)
You float through the air rather than walking.
You learn spells naturally, not from books.
Your magical power is your life essence.
You have superior vitality. (+4 HP)


Message History

The sting hits the gnoll.
The gnoll looks as sick as possible!
The gnoll is severely wounded.
* * * LOW HITPOINT WARNING * * *
The gnoll misses you.
You kill the gnoll!
Hemabe71's ghost screams, "Don't try to defend!
You have no chance!"
You see here a +0 dagger.
Things that are here:
a +0 club; a gnoll corpse Hemabe71's ghost shrieks, "To die, to sleep, no more."
You see here a +0 spear.
Hemabe71's ghost whispers, "There is no future for you."
Things that are here:
a staff of cold; a gnoll corpse A bullfrog zombie comes into view.
Found a +0 club.
Things that are here:
a +0 club; a gnoll corpse The bullfrog zombie closely misses you.
The bullfrog zombie misses you. The bullfrog zombie closely misses you.
The bullfrog zombie misses you.
The bullfrog zombie hits you but does no damage.
The bullfrog zombie barely misses you. The bullfrog zombie misses you.
The bullfrog zombie hits you. The bullfrog zombie barely misses you.
The bullfrog zombie hits you.
* * * LOW HITPOINT WARNING * * *
The bullfrog zombie closely misses you.
Unknown command.
The bullfrog zombie barely misses you.
The bullfrog zombie completely misses you.
The bullfrog zombie barely misses you. The bullfrog zombie hits you.
* * * LOW HITPOINT WARNING * * *
The bullfrog zombie hits you.
* * * LOW HITPOINT WARNING * * *
The bullfrog zombie hits you but does no damage.
The bullfrog zombie barely misses you. The bullfrog zombie barely misses you.
The bullfrog zombie hits you.
You die...

#.... ....
##....#..........#
.....#....$.....#
#...#..........
#...##........#####
.###...#..............
.......<........).....
.###.###..........# .
#......@...# .#
#.....?.Z..# ###.
##...<....## ...
##....).### ##.#
######...###..#
###.|...# #######...##
#..........#
#..........#


You could see a bullfrog zombie.

Vanquished Creatures
  A necrophage (D:3)
  A scorpion (D:2)
  A howler monkey (D:5)
  An iguana (D:4)
  Terence (D:2)
  Robin (D:2)
  5 gnolls
  2 adders
  2 worms
  4 dart slugs
  2 orcs
  12 ball pythons
  9 endoplasms
  4 giant cockroaches
  19 goblins
  7 hobgoblins
  3 jackals (D:4)
  4 kobolds
  5 quokkas
  4 bats
  2 frilled lizards
  11 rats
101 creatures vanquished.

Notes
Turn   | Place    | Note
-------+----------+-------------------------------------------
     0 | D:1      | Essalna the Djinni Venom Mage began the quest for the Orb.
     0 | D:1      | Reached XP level 1. HP: 15/15 MP: 0/0
   194 | D:1      | Reached XP level 2. HP: 16/21 MP: 0/0
   408 | D:1      | Reached skill level 3 in Spellcasting
   603 | D:1      | Reached XP level 3. HP: 23/25 MP: 0/0
   603 | D:1      | Learned a level 1 spell: Pain
  1464 | D:2      | Reached XP level 4. HP: 29/31 MP: 0/0
  1631 | D:2      | Noticed a scorpion
  1638 | D:2      | Killed a scorpion
  1639 | D:2      | Reached skill level 4 in Spellcasting
  1639 | D:2      | Reached XP level 5. HP: 32/35 MP: 0/0
  1639 | D:2      | Learned a level 2 spell: Corpse Rot
  1668 | D:2      | You are sucked into a shaft and drop 1 floor!
  1936 | D:3      | Found Leyd Lof's Book Emporium.
  2221 | D:3      | Found an ornate altar of the Wu Jian Council.
  2636 | D:2      | Noticed Robin
  3189 | D:2      | Killed Robin
  3246 | D:2      | Noticed Terence
  3257 | D:2      | Killed Terence
  3258 | D:2      | Reached XP level 6. HP: 17/40 MP: 0/0
  3677 | D:4      | Reached skill level 5 in Spellcasting
  3679 | D:4      | Noticed a necrophage
  3712 | D:3      | Killed a necrophage
  4408 | D:4      | Upgraded the game from 0.28-a0-10-g964c8b829e to
                  | 0.28-a0-122-gfd0ec89410
  4705 | D:5      | Entered Level 5 of the Dungeon
  4753 | D:5      | Reached XP level 7. HP: 34/45 MP: 0/0
  4753 | D:5      | Learned a level 3 spell: Stone Arrow
  4823 | D:5      | Found a runed translucent door.
  4826 | D:5      | Noticed hemabe71's ghost (novice HuAr)
  4905 | D:5      | Slain by a bullfrog zombie

Illustrated notes

Levels and vault maps discovered:
D:1:      dpeg_arrival_rooms_a, layout_loops_ring
D:2:      layout_loops_cross, uniq_robin, uniq_terence
D:3:      layout_basic, mainiacjoe_overflow_brackets, serial_shops,
          nicolae_shop_window_shopping
D:4:      layout_basic, serial_rivers, chequers_serial_rivers_micro_a,
          chequers_serial_rivers_micro_e, chequers_serial_rivers_micro_a,
          chequers_serial_rivers_small_3
D:5:      layout_rooms, minmay_temple_entry_ruins,
          hellmonk_ghost_happy_afterlife, nicolae_ossuary_entry_catacombs

Skill      XL: |  1  2  3  4  5  6 |
---------------+-------------------+-----
Spellcasting   | 3 4 5 |  5.8
Dodging        | |  2.1
Stealth        | |  1.5

Action                   |  1- 3 |  4- 6 |  7- 9 || total
-------------------------+-------+-------+-------++-------
Melee: Short sword       |    20 |    27 |       ||    47
 Cast: Sting             |    50 |   117 |     7 ||   174
       Olgreb's Toxic Ra |       |     1 |       ||     1
       Poisonous Vapours |       |     7 |     5 ||    12
 Stab: Sleeping          |     3 |       |       ||     3
Armor: Robe              |     8 |    15 |     3 ||    26
Dodge: Dodged            |    26 |    53 |    17 ||    96

Table legend: (Time is in decaauts)
 A = Elapsed time spent in this place.
 B = Non-inter-level travel time spent in this place.
 C = Inter-level travel time spent in this place.
 D = Time resting spent in this place.
 E = Time spent auto-exploring this place.
 F = Levels seen in this place.
 G = Mean time per level.
                   A        B        C        D        E       F      G
               +--------+--------+--------+--------+--------+-----+--------+
         Total |   4911 |   4711 |    200 |      0 |   4111 |   5 |  982.2 |
       Dungeon |   4911 |   4711 |    200 |      0 |   4111 |   5 |  982.2 |
               +--------+--------+--------+--------+--------+-----+--------+

Top non-repeatable levels by time:
     D:1: 1685 daAuts
     D:2: 1118 daAuts
     D:4: 1033 daAuts
     D:3: 903 daAuts
     D:5: 170 daAuts
